 Dungeon Crawl Stone Soup version 0.20.1-1-g8b1a95d (webtiles) character file.

92176 Jeffwins the Destroyer (level 16, -4/161 HPs)
             Began as an Ogre Fire Elementalist on Aug 9, 2017.
             Was a High Priest of Vehumet.
             Slain by an orc warlord
             ... wielding a +0 great sword
              (36 damage)
             ... on level 2 of the Orcish Mines on Aug 10, 2017.
             The game lasted 02:29:19 (38099 turns).

Jeffwins the Destroyer (Ogre Fire Elementalist)    Turns: 38099, Time: 02:29:20

Health: -4/161     AC:  6    Str: 16    XL:     16   Next: 5%
Magic:  29/29      EV: 13    Int: 23    God:    Vehumet [*****.]
Gold:   1420       SH:  0    Dex: 11    Spells: 2/34 levels left

rFire    + . .     SeeInvis .   R - +8 quarterstaff of Paper {freeze, rElec}
rCold    . . .     Gourm    +   (shield currently unavailable)
rNeg     . . .     Faith    .   Y - +0 troll leather armour
rPois    .         Spirit   .   (helmet restricted)
rElec    +         Reflect  .   a - +0 cloak {MR+}
rCorr    .         Harm     .   (gloves unavailable)
MR       ++...                  (boots unavailable)
Stlth    ++........             S - amulet of the gourmand
Regen    0.8/turn               P - ring of wizardry
MPRegen  0.3/turn               L - ring of protection from fire

@: no status effects
A: unfitting armour, agile 1, clever 1, tough skin 1
a: Renounce Religion


You were on level 2 of the Orcish Mines.
You worshipped Vehumet.
Vehumet was extremely pleased with you.
You were very full.

You visited 4 branches of the dungeon, and saw 24 of its levels.

You collected 2018 gold pieces.
You spent 598 gold pieces at shops.

Inventory:

Hand Weapons
 R - the +8 quarterstaff of Paper (weapon) {freeze, rElec}
   (You found it on level 3 of the Lair of Beasts)

   It has been specially enchanted to freeze those struck by it, causing extra
   injury to most foes and up to half again as much damage against particularly
   susceptible opponents.
   It can also slow down cold-blooded creatures.
   It insulates you from electricity.
Armour
 a - a +0 cloak of magic resistance (worn)
 Y - a +0 troll leather armour (worn)
Jewellery
 x - an uncursed ring of wizardry
 L - a ring of protection from fire (right hand)
 P - a ring of wizardry (left hand)
 S - an amulet of the gourmand (around neck)
Wands
 y - a wand of confusion (33/48)
 C - a wand of iceblast (5/15)
Scrolls
 f - 3 scrolls of fear
 g - 2 scrolls of fog
 h - 4 scrolls of blinking
 n - 11 scrolls of remove curse
 p - 4 scrolls of teleportation
 s - 10 scrolls of identify
 A - 5 scrolls of amnesia
 I - 3 scrolls of magic mapping
Potions
 b - a potion of haste
 o - 2 potions of brilliance
 r - 2 potions of cancellation
 v - 3 potions of curing
 z - a potion of invisibility
 G - 3 potions of resistance
 J - a potion of agility
 M - 2 potions of magic
 Q - 4 potions of might
 U - 2 potions of flight
Miscellaneous
 k - a lamp of fire
Comestibles
 j - 8 meat rations


   Skills:
 + Level 10.9 Fighting
 + Level 5.4 Staves
 + Level 3.1 Armour
 + Level 8.1 Dodging
 + Level 4.0 Stealth
 + Level 9.8 Spellcasting
 * Level 13.2 Conjurations
 + Level 3.0 Charms
 * Level 12.7 Fire Magic
 * Level 3.6 Ice Magic
 * Level 5.2 Air Magic
 + Level 5.8 Earth Magic
 + Level 3.6 Evocations


You had 2 spell levels left.
You knew the following spells:

 Your Spells              Type           Power        Failure   Level  Hunger
a - Flame Tongue          Conj/Fire      #####        1%          1    None
b - Sticky Flame          Conj/Fire      ######..     1%          4    ##.....
c - Fireball              Conj/Fire      ######....   1%          5    ####...
d - Stone Arrow           Conj/Erth      ######       1%          3    None
e - Bolt of Magma         Conj/Fire/Erth ######....   1%          5    ####...
f - Conjure Ball Lightni  Conj/Air       ######....   3%          6    ######.
g - Swiftness             Chrm/Air       ####....     1%          2    None
h - Freezing Cloud        Conj/Ice/Air   #####.....   6%          6    ######.


Dungeon Overview and Level Annotations

Branches:
Dungeon (15/15)            Temple (1/1) D:6            Lair (6/6) D:9
  Swamp (0/4) Lair:4       Spider (0/4) Lair:2        Slime (0/5) Lair:6
    Orc (2/2) D:10         Vaults (0/5) D:14         Depths (0/5) D:15
    Elf: Orc:2

Altars:
Ashenzari
Cheibriados
Dithmenos
Elyvilon
Fedhas
Gozag
Hepliaklqana
Kikubaaqudgha
Makhleb
Nemelex Xobeh
Okawaru
Qazlal
Ru
Sif Muna
Trog
Uskayaw
Vehumet
Xom
Yredelemnul
Zin
The Shining One
Beogh
Jiyva

Shops:
D:11 [   D:14 =

Annotations:
D:15 1 runed door
Lair:6 Golfball's ghost, journeyman MiBe
Orc:2 Azrael


Innate Abilities, Weirdness & Mutations

You are too large for most types of armour.
You have tough skin. (AC +1)
You are agile. (Dex +2)
Your mind is acute. (Int +2)


Message History

The fire elemental hits you. The fire elemental burns you! You resist.
You hear a shout!
There is a stone staircase leading up, spattered with blood here.
The hell hound breathes flames at you. The blast of flame hits you! You resist.
* * * LOW HITPOINT WARNING * * *
The blast of flame hits the orc.
The orc dies!
The hell hound breathes flames at you.
The blast of flame misses the hell hound.
The blast of flame hits you! You resist.
* * * LOW HITPOINT WARNING * * *
The blast of flame hits the orc.
The orc dies!
The warg misses you. The warg barely misses you. The fire elemental hits you.
The fire elemental burns you! You resist.
* * * LOW HITPOINT WARNING * * *
The hell hound closely misses you.
The orc warlord hits you with a great sword!!!
You die...

.o...$..... ...
.o........ ....
#.....))..#....
...[[.$).#.....
....o..).......
...o..ooTh§.§..
......hohhE§...
.....o)@hR§....
.....).Eh......
.....o[........
...oo..).).....
.....#.........
...............
.... .#........
......#........


You could see an orc warlord, Azrael, a troll, 2 fire elementals, 2 wargs, 3 orc
warriors, 4 hell hounds, an orc priest and 6 orcs.

Vanquished Creatures
  Agnes (D:14)
  A daeva (D:15)
  An emperor scorpion (D:15)
  The ghost of raszama the Destroyer, a journeyman DsFE of Qazlal (D:13)
  A stone giant (Orc:1)
  Nessos (D:14)
  A dire elephant (D:14)
  An ettin (D:14)
  Josephine (Lair:4)
  A fire dragon (shapeshifter) (D:14)
  A catoblepas (D:15)
  5 hydras
  A death knight (D:13)
  A centaur warrior (D:14)
  5 two-headed ogres
  5 tengu warriors
  3 death yaks (Lair:4)
  Urug (D:11)
  The ghost of bande the Cleaver, a novice MiBe of Trog (D:7)
  4 skeletal warriors
  2 unseen horrors
  2 lindwurms
  3 phantasmal warriors
  2 deep elf magi
  Pikel (D:8)
  A wolf spider zombie (D:15)
  An orc knight (D:12)
  11 ugly things
  An orc sorcerer (Orc:1)
  4 manticores
  A salamander (D:15)
  4 cyclopes
  11 elephants
  A rust devil (D:5)
  Maurice (D:11)
  4 black mambas
  10 spiny frogs
  A rime drake (Lair:2)
  2 ball lightnings
  2 kobold demonologists (D:13)
  2 efreet
  2 komodo dragons
  3 meliai (D:13)
  2 trolls
  A hornet (D:10)
  A tyrant leech (Lair:4)
  A dream sheep (shapeshifter) (D:13)
  A hornet (shapeshifter) (D:15)
  Prince Ribbit (D:7)
  20 blink frogs
  Grinder (D:4)
  6 slime creatures
  A raiju (shapeshifter) (D:14)
  2 meliai zombies
  10 hippogriffs
  A centaur simulacrum (D:14)
  51 yaks
  6 water elementals (D:14)
  A wyvern (D:9)
  2 fire bats (Lair:3)
  4 hogs (D:7)
  7 wraiths
  4 basilisks
  A human (D:7)
  2 hungry ghosts
  9 vampire mosquitoes
  A warg (Orc:1)
  3 swamp worms (Lair:4)
  2 soldier ants
  14 porcupines
  An acid dragon (D:13)
  13 water moccasins
  A black bear (D:10)
  2 slaves
  23 orc warriors
  6 ice beasts
  3 eyes of draining
  9 ogres
  7 sky beasts
  A phantom (D:13)
  A boggart (D:10)
  14 wolves
  12 centaurs
  12 crocodiles
  6 big kobolds
  Blork the orc (D:4)
  17 bullfrogs
  6 gnoll sergeants
  A wyvern zombie (D:10)
  11 scorpions
  A wyvern skeleton (D:6)
  A water moccasin skeleton (D:8)
  20 killer bees
  6 electric eels
  5 wights (D:12)
  5 howler monkeys
  A lava snake (Lair:3)
  A bullfrog zombie (D:8)
  10 crimson imps
  8 hounds
  5 centaur zombies
  9 jellies
  A bullfrog skeleton (D:10)
  10 orc priests
  4 centaur skeletons
  4 iguanas
  Ijyb (D:4)
  Natasha (twice) (D:3 D:5)
  17 orc wizards
  11 worker ants
  A hound zombie (D:6)
  3 hound skeletons
  8 gnolls
  3 worker ant zombies
  15 adders
  5 shadow imps
  An adder skeleton (D:8)
  6 worms
  3 dart slugs
  5 leopard geckos
  74 orcs
  10 bats
  6 giant cockroaches
  13 goblins
  6 hobgoblins
  14 jackals
  6 quokkas
  A ball python (D:3)
  6 frilled lizards
  A giant cockroach zombie (D:5)
  19 kobolds
  A quokka skeleton (D:5)
  10 rats
  2 fungi
752 creatures vanquished.

Vanquished Creatures (collateral kills)
  2 ball lightnings
2 creatures vanquished.

Vanquished Creatures (others)
  114 ball lightnings
  2 slaves (D:8)
  An orc warrior (Orc:2)
  Natasha (D:5)
  3 orcs (Orc:2)
  14 fungi
  5 plants
140 creatures vanquished.

Grand Total: 894 creatures vanquished

Notes
Turn   | Place    | Note
-------+----------+-------------------------------------------
     0 | D:1      | Jeffwins the Ogre Fire Elementalist began the quest for the Orb.
     0 | D:1      | Reached XP level 1. HP: 16/16 MP: 3/3
    97 | D:1      | Reached skill level 1 in Conjurations
   301 | D:1      | Reached XP level 2. HP: 12/24 MP: 0/5
   819 | D:1      | Reached XP level 3. HP: 22/31 MP: 4/7
  1125 | D:1      | Reached skill level 2 in Conjurations
  1641 | D:2      | Found an ancient bone altar of Kikubaaqudgha.
  1642 | D:2      | Found a blossoming altar of Fedhas.
  1701 | D:2      | Found a deep blue altar of Sif Muna.
  1736 | D:2      | Reached XP level 4. HP: 19/39 MP: 1/8
  2035 | D:2      | Learned a level 4 spell: Sticky Flame
  2544 | D:3      | Reached XP level 5. HP: 17/46 MP: 4/9
  2975 | D:3      | Found a stormy altar of Qazlal.
  2995 | D:3      | Found a bloodstained altar of Trog.
  3169 | D:3      | Noticed Natasha
  3174 | D:3      | Killed Natasha
  3174 | D:3      | Reached skill level 1 in Fighting
  3174 | D:3      | Reached skill level 3 in Conjurations
  3844 | D:4      | Noticed Ijyb
  3850 | D:4      | Killed Ijyb
  3850 | D:4      | Reached skill level 1 in Evocations
  3879 | D:4      | Noticed Blork the orc
  3968 | D:4      | Reached XP level 6. HP: 55/57 MP: 4/11
  4169 | D:4      | Found a glowing silver altar of Zin.
  4278 | D:4      | Noticed Grinder
  4394 | D:4      | Killed Grinder
  4394 | D:4      | Reached skill level 1 in Armour
  4394 | D:4      | Reached XP level 7. HP: 49/66 MP: 6/13
  4459 | D:4      | Found a sparkling altar of Nemelex Xobeh.
  4691 | D:5      | Entered Level 5 of the Dungeon
  4700 | D:5      | Reached skill level 4 in Conjurations
  5178 | D:4      | Found a hazy altar of Hepliaklqana.
  5184 | D:4      | Killed Blork the orc
  5184 | D:4      | Reached XP level 8. HP: 62/75 MP: 5/14
  5341 | D:5      | Noticed Natasha
  5345 | D:5      | Killed Natasha
  5523 | D:5      | Noticed Natasha
  5528 | D:5      | Killed Natasha
  5878 | D:5      | Reached skill level 5 in Conjurations
  5878 | D:5      | Reached skill level 5 in Fire Magic
  6084 | D:5      | Noticed a rust devil
  6084 | D:5      | Noticed a rust devil
  6152 | D:5      | Killed a rust devil
  6152 | D:5      | Reached skill level 6 in Conjurations
  6370 | D:5      | Reached XP level 9. HP: 62/83 MP: 10/15
  6721 | D:6      | Found a staircase to the Ecumenical Temple.
  6738 | Temple   | Entered the Ecumenical Temple
  6790 | Temple   | Became a worshipper of Vehumet
  6871 | D:6      | Found a shattered altar of Ashenzari.
  7192 | D:6      | Found a snail-covered altar of Cheibriados.
  7213 | D:6      | Found an opulent altar of Gozag.
  7806 | D:6      | Gained mutation: Your mind is acute. (Int +2) [potion of mutation]
  7806 | D:6      | Gained mutation: You are agile. (Dex +2) [potion of mutation]
  7821 | D:6      | Learned a level 5 spell: Fireball
  8102 | D:7      | Reached skill level 7 in Conjurations
  8136 | D:7      | Noticed Prince Ribbit
  8521 | D:7      | Killed Prince Ribbit
  8708 | D:7      | Noticed bande's ghost (novice MiBe)
  8759 | D:7      | Killed bande's ghost
  8759 | D:7      | Reached skill level 8 in Conjurations
  8759 | D:7      | Reached XP level 10. HP: 22/91 MP: 2/16
  9155 | D:7      | Got a twisted dagger {freeze}
  9158 | D:7      | Identified the +5 dagger "Lykkemm" {freeze, Dex+5} (You took it off an orc wizard on level 7 of the Dungeon)
  9584 | D:7      | Found a shadowy altar of Dithmenos.
  9955 | D:7      | Reached * piety under Vehumet
  9955 | D:7      | Offered knowledge of Sting by Vehumet.
 10162 | D:7      | HP: 4/92 [hog (5)]
 10515 | D:7      | Reached skill level 5 in Spellcasting
 10642 | D:7      | Reached skill level 9 in Conjurations
 11161 | D:8      | Noticed Pikel
 11288 | D:8      | Killed Pikel
 11794 | D:8      | Reached skill level 5 in Fighting
 11963 | D:8      | Reached XP level 11. HP: 95/102 MP: 6/19
 12293 | D:9      | Reached ** piety under Vehumet
 12294 | D:9      | Noticed a green ugly thing
 12314 | D:8      | Killed a green ugly thing
 12314 | D:8      | Offered knowledge of Throw Frost by Vehumet.
 12550 | D:9      | Found a staircase to the Lair.
 13259 | Lair:1   | Entered Level 1 of the Lair of Beasts
 13751 | Lair:1   | Reached skill level 10 in Conjurations
 13761 | Lair:1   | Reached skill level 5 in Dodging
 13915 | Lair:1   | Offered knowledge of Stone Arrow by Vehumet.
 13924 | Lair:1   | Learned a level 3 spell: Stone Arrow
 14251 | Lair:1   | Reached skill level 10 in Fire Magic
 14371 | Lair:1   | Reached skill level 1 in Earth Magic
 14622 | Lair:1   | Noticed an eight-headed hydra
 14634 | Lair:1   | Killed an eight-headed hydra
 15283 | Lair:1   | Reached XP level 12. HP: 109/115 MP: 15/22
 15492 | Lair:1   | Reached *** piety under Vehumet
 16726 | Lair:2   | Noticed a four-headed hydra
 16868 | Lair:2   | Found a hole to the Spider Nest.
 16883 | Lair:2   | Offered knowledge of Throw Icicle by Vehumet.
 16966 | Lair:2   | Killed a four-headed hydra
 16966 | Lair:2   | Reached skill level 11 in Conjurations
 18508 | Lair:3   | Got a steaming quarterstaff
 18519 | Lair:3   | Identified the +8 quarterstaff of Paper {freeze, rElec} (You found it on level 3 of the Lair of Beasts)
 18886 | Lair:3   | Reached **** piety under Vehumet
 18943 | Lair:3   | Reached skill level 1 in Staves
 18970 | Lair:2   | Offered knowledge of Bolt of Magma by Vehumet.
 18979 | Lair:2   | Learned a level 5 spell: Bolt of Magma
 19313 | Lair:3   | Reached XP level 13. HP: 119/127 MP: 17/25
 20716 | Lair:4   | Found a staircase to the Swamp.
 20928 | Lair:4   | Reached ***** piety under Vehumet
 21119 | Lair:4   | Offered knowledge of Conjure Ball Lightning by Vehumet.
 22212 | Lair:4   | Noticed Josephine
 22216 | Lair:4   | Killed Josephine
 22635 | Lair:5   | Learned a level 6 spell: Conjure Ball Lightning
 22873 | Lair:5   | Reached skill level 12 in Conjurations
 23431 | Lair:6   | Entered Level 6 of the Lair of Beasts
 23437 | Lair:6   | Reached skill level 1 in Air Magic
 23616 | Lair:6   | Noticed Golfball's ghost (journeyman MiBe)
 24091 | Lair:6   | Found a sacrificial altar of Ru.
 24217 | Lair:6   | Reached XP level 14. HP: 94/141 MP: 16/26
 24400 | Lair:6   | Found a viscous altar of Jiyva.
 24401 | Lair:6   | Found a staircase to the Slime Pits.
 25787 | D:10     | Entered Level 10 of the Dungeon
 26498 | D:10     | Offered knowledge of Bolt of Cold by Vehumet.
 26631 | D:10     | Learned a level 2 spell: Swiftness
 27410 | D:10     | Found a staircase to the Orcish Mines.
 27610 | D:10     | Reached skill level 10 in Fighting
 28301 | D:11     | Noticed Urug
 28401 | D:11     | Killed Urug
 28441 | D:11     | Reached skill level 1 in Charms
 28540 | D:11     | Noticed Maurice
 28547 | D:11     | Killed Maurice
 28816 | D:11     | Found Vurgha's Antique Armour Shop.
 28822 | D:11     | Bought a faintly glowing robe for 148 gold pieces
 28832 | D:11     | Identified the cursed +0 robe of Levity {Int+3 SInv} (You bought it in a shop on level 11 of the Dungeon)
 29308 | D:12     | Offered knowledge of Freezing Cloud by Vehumet.
 29309 | D:12     | Reached skill level 5 in Earth Magic
 30119 | D:12     | Found a roughly hewn altar of Beogh.
 31079 | D:13     | Noticed raszama's ghost (journeyman DsFE)
 31150 | D:13     | Killed raszama's ghost
 31150 | D:13     | Reached XP level 15. HP: 92/152 MP: 6/28
 31158 | D:13     | Learned a level 6 spell: Freezing Cloud
 32137 | D:14     | Reached skill level 1 in Ice Magic
 32143 | D:13     | Offered knowledge of Venom Bolt by Vehumet.
 32603 | D:13     | Reached skill level 5 in Staves
 32692 | D:14     | Noticed Nessos
 32752 | D:14     | Killed Nessos
 32877 | D:14     | Noticed Agnes
 32890 | D:14     | Killed Agnes
 34013 | D:14     | Found a gate to the Vaults.
 34052 | D:14     | Reached skill level 13 in Conjurations
 34484 | D:14     | Found Ratad's Jewellery Shoppe.
 34979 | D:14     | Bought an uncursed ring of wizardry for 450 gold pieces
 35033 | D:15     | Entered Level 15 of the Dungeon
 35122 | D:15     | Found a staircase to the Depths.
 35124 | D:15     | Noticed an emperor scorpion
 35564 | D:15     | Killed an emperor scorpion
 35941 | D:15     | Found an iron altar of Okawaru.
 36009 | D:15     | Found a white marble altar of Elyvilon.
 36009 | D:15     | Found a runed door.
 36009 | D:15     | Noticed a daeva
 36143 | D:15     | Killed a daeva
 36521 | D:15     | Got an ancient hand axe
 36522 | D:15     | Identified the +0 hand axe "Eshriyguy" {antimagic, rF+ rC+ Str-3 Int+4} (You found it on level 15 of the Dungeon)
 36620 | D:15     | Offered knowledge of Poison Arrow by Vehumet.
 36620 | D:15     | Reached skill level 5 in Air Magic
 37161 | Orc:1    | Entered Level 1 of the Orcish Mines
 37283 | Orc:1    | Reached XP level 16. HP: 71/161 MP: 5/29
 37917 | Orc:2    | Entered Level 2 of the Orcish Mines
 37919 | Orc:2    | Noticed Azrael
 38099 | Orc:2    | Slain by an orc warlord

Skill      XL: |  1  2  3  4  5  6  7  8  9 10 11 12 13 14 15 |
---------------+----------------------------------------------+-----
Conjurations   | 1 2 3 4 6 8 9 10 11 12 13 | 13.2
Fire Magic     | 3 4 6 8 9 10 11 12 | 12.7
Spellcasting   | 3 4 5 7 8 9 |  9.8
Fighting       | 1 2 3 5 6 8 9 10 | 10.9
Dodging        | 2 3 4 5 6 7 8 |  8.1
Evocations     | 1 2 3 |  3.6
Armour         | 1 2 3 |  3.1
Earth Magic    | 1 3 4 5 |  5.8
Staves         | 1 3 4 5 |  5.4
Stealth        | 2 3 4 |  4.0
Air Magic      | 1 3 5 |  5.2
Charms         | 1 3 |  3.0
Ice Magic      | 3 |  3.6

Action                   |  1- 3 |  4- 6 |  7- 9 | 10-12 | 13-15 | 16-18 || total
-------------------------+-------+-------+-------+-------+-------+-------++-------
Melee: Short sword       |    20 |    46 |       |       |       |       ||    66
       Mace              |       |     1 |    34 |    19 |       |       ||    54
       Dagger            |       |       |       |   164 |       |       ||   164
       Quarterstaff      |       |       |       |    17 |   297 |     9 ||   323
 Cast: Flame Tongue      |    64 |    92 |    98 |   256 |   199 |     1 ||   710
       Sticky Flame      |       |     7 |    38 |   145 |   201 |     3 ||   394
       Fireball          |       |       |     2 |     7 |    96 |     7 ||   112
       Stone Arrow       |       |       |       |    28 |    63 |       ||    91
       Bolt of Magma     |       |       |       |       |    50 |       ||    50
       Conjure Ball Ligh |       |       |       |       |    58 |     3 ||    61
       Swiftness         |       |       |       |       |     2 |       ||     2
       Freezing Cloud    |       |       |       |       |    15 |       ||    15
Evoke: Wand              |       |       |    34 |     2 |     6 |       ||    42
  Use: Potion            |       |     6 |     1 |     1 |     3 |       ||    11
       Scroll            |       |       |    17 |     6 |     9 |       ||    32
 Stab: Confused          |       |       |       |     1 |       |       ||     1
       Sleeping          |       |       |       |       |     3 |       ||     3
       Betrayed ally     |       |       |       |       |     1 |       ||     1
       Distracted        |       |       |       |       |     1 |       ||     1
  Eat: Chunk             |     3 |     9 |    21 |    41 |   125 |     5 ||   204
       Fruit             |       |       |     1 |     4 |     3 |       ||     8
       Royal jelly       |       |       |       |     1 |       |       ||     1
       Bread ration      |       |       |       |     1 |       |       ||     1
Armor: Robe              |     6 |    19 |    22 |    67 |    35 |       ||   149
       Troll leather arm |       |       |       |       |    78 |     3 ||    81
Dodge: Dodged            |    23 |    34 |    84 |   252 |   365 |    14 ||   772
